 Dungeon Crawl Stone Soup version 0.17-a0-18-gc25b939 (console) character file.

149 Monkaria the Chopper (level 5, -2/46 HPs)
             Began as a Hill Orc Gladiator on Mar 11, 2015.
             Slain by a gnoll
             ... wielding a +1 spear of freezing
              (3 damage)
             ... on level 2 of the Dungeon.
             The game lasted 00:03:55 (1544 turns).

Monkaria the Chopper (Hill Orc Gladiator)           Turns: 1544, Time: 00:03:55

Health: -2/46      AC:  4    Str: 18    XL:     5   Next: 31%
Magic:  5/5        EV: 12    Int: 13    God:
Gold:   37         SH:  0    Dex: 12    Spells: 0 memorised, 4 levels left

rFire  . . .     SeeInvis .     a - +0 war axe
rCold  . . .     Clarity  .     b - +0 leather armour
rNeg   . . .     SustAb   .     (no shield)
rPois  .         Gourm    .     c - +0 helmet
rElec  .         Spirit   .     (no cloak)
rCorr  .         Warding  .     (no gloves)
rMut   .         Stasis   .     (no boots)
MR     +....                    (no amulet)
Stlth  +.........               (no ring)
                                p - ring of protection from magic

@: brilliant, very slightly contaminated, somewhat resistant to hostile
enchantments, very unstealthy
A: no striking features
a: no special abilities


You were on level 2 of the Dungeon.
You were very hungry.

You visited 1 branch of the dungeon, and saw 2 of its levels.

You collected 37 gold pieces.

Inventory:

Hand weapons
 a - a +0 war axe (weapon)
Missiles
 d - 2 throwing nets (quivered)
Armour
 b - a +0 leather armour (worn)
 c - a +0 helmet (worn)
Jewellery
 p - a ring of protection from magic (left hand)
Scrolls
 g - a scroll of enchant weapon {unknown}
 i - a scroll of blinking {unknown}
 m - 2 scrolls of remove curse {unknown}
 n - a scroll of random uselessness {unknown}
 o - a scroll of teleportation {unknown}
Potions
 e - 2 potions of curing
 q - a potion of degeneration {unknown}
Comestibles
 f - 3 meat rations
 k - a beef jerky


   Skills:
 + Level 4.1 Fighting
 * Level 6.7 Axes
 - Level 2.0 Throwing
 - Level 2.4 Dodging


You had 4 spell levels left.
You didn't know any spells.

Dungeon Overview and Level Annotations

Branches:
Dungeon (2/15)

Altars:
Ashenzari


Message History

You slash the gnoll!
You kill the gnoll!
The gnoll hits you from afar with a spear!
* * * LOW HITPOINT WARNING * * *
You strike the helpless gnoll from behind!
You hit the gnoll but do no damage. The gnoll barely misses you.
The gnoll misses you.
You hit the gnoll.
The gnoll is moderately wounded.
You flicker back into view.
The gnoll hits you from afar with a spear.
* * * LOW HITPOINT WARNING * * *
The gnoll hits you with a spear of freezing.
* * * LOW HITPOINT WARNING * * *
The gnoll freezes you.
* * * LOW HITPOINT WARNING * * *
The gnoll hits you from afar with a spear.
* * * LOW HITPOINT WARNING * * *
The gnoll hits you from afar with a spear of freezing.
You die...

#...# #. ###.#
#. ###.#####.
#.........
#########
#.#.######
#.gg..gg#
#.#......#
#.#####.#
#.######.# #.#
#g##########.#
#... #.#
#.g.@........#
#..# #g#
##############
#..# #.# #..#
#g##########
#..#
#...g..gg..#
#..#
##########g#
#..# #.# #..#
#g# #..# #g#
..#


You could see 2 gnolls.

Vanquished Creatures
  Sigmund (D:2)
  Terence (D:2)
  3 gnolls (D:2)
  A worm (D:2)
  An ooze (D:1)
  2 giant cockroaches
  2 goblins (D:1)
  6 hobgoblins
  2 bats (D:2)
  2 giant geckos (D:2)
  A giant newt (D:1)
  5 kobolds
  A quokka (D:2)
  3 rats (D:1)
31 creatures vanquished.

Notes
Turn   | Place    | Note
--------------------------------------------------------------
     0 | D:1      | Monkaria, the Hill Orc Gladiator, began the quest for the Orb.
     0 | D:1      | Reached XP level 1. HP: 18/18 MP: 1/1
   116 | D:1      | Found a shattered altar of Ashenzari.
   169 | D:1      | Reached XP level 2. HP: 25/25 MP: 2/2
   522 | D:1      | Reached skill level 5 in Axes
   797 | D:2      | Reached XP level 3. HP: 28/30 MP: 3/3
   861 | D:2      | Noticed Sigmund
   912 | D:2      | Killed Sigmund
   912 | D:2      | Reached skill level 6 in Axes
   912 | D:2      | Reached XP level 4. HP: 14/40 MP: 4/4
  1171 | D:2      | Noticed Terence
  1193 | D:2      | Killed Terence
  1193 | D:2      | Reached XP level 5. HP: 14/46 MP: 5/5
  1543 | D:2      | HP: 2/46 [gnoll/spear of freezing (1)]
  1544 | D:2      | Slain by a gnoll

Action                   |  1- 3 |  4- 6 || total
-------------------------+-------+-------++-------
Melee: War axe           |    58 |    54 ||   112
Throw: Throwing net      |     4 |       ||     4
  Use: Potion            |       |     4 ||     4
 Stab: Invisible         |       |     2 ||     2
  Eat: Chunk             |       |     1 ||     1
